| TOP OF THE 1ST |
|
Arkansas Travelers batting - Pitching for Jackson Generals : LHP Andy Mathis
|
|
Pitching: LHP Andy Mathis
|
|
|
Batting: RHB Jose Ramirez
|
0-0: Ball 1-0: SINGLE (Groundball, 5S, EV 71.9 MPH) (infield hit)
|
|
Batting: LHB Griffin Ferris
|
0-0: Ball 1-0: Called Strike Jose Ramirez steals 2nd base 1-1: Foul Ball, location: 2F 1-2: Ball 2-2: SINGLE (Groundball, 34D, EV 104.4 MPH) Jose Ramirez to third
|
|
Batting: RHB Juan Montez
|
0-0: Called Strike 0-1: Foul Ball, location: 2F 0-2: Foul Ball, location: 2F 0-2: Fielders Choice at 2nd, 5-4 (Groundball, 56S, EV 80.0 MPH) Jose Ramirez scores
|
|
Batting: LHB Mark Reeg
|
0-0: Called Strike 0-1: Foul Ball, location: 2F 0-2: Ball 1-2: Foul Ball, location: 2F 1-2: Foul Ball, location: 2F 1-2: Strikes out swinging
|
|
Batting: RHB Ryuji Ito
|
0-0: Foul Ball, location: 2F 0-1: Ball 1-1: Swinging Strike 1-2: Ball 2-2: Fielders Choice at 2nd, 5-4 (Groundball, 5, EV 83.8 MPH)
|
| Top of the 1st over - 1 run, 2 hits, 0 errors, 1 left on base; Arkansas 1 - Jackson 0 |
| BOTTOM OF THE 1ST |
|
Jackson Generals batting - Pitching for Arkansas Travelers : RHP Hector Carrizales
|
|
Pitching: RHP Hector Carrizales
|
|
|
Batting: RHB Tomokazu Sugimoto
|
0-0: Ball 1-0: Ground out 5-3 (Groundball, 56, EV 93.8 MPH)
|
|
Batting: RHB Enrique Valdez
|
0-0: Called Strike 0-1: SINGLE (Line Drive, 89S, EV 108.8 MPH)
|
|
Batting: RHB Adan Lake
|
0-0: Ball Pickoff Throw to First - Out! 1-3 1-0: Called Strike 1-1: Ball 2-1: Called Strike 2-2: Ball 3-2: Foul Ball, location: 2F 3-2: Base on Balls
|
|
Batting: RHB Mike Conaway
|
0-0: Ball 1-0: Swinging Strike 1-1: Foul Ball, location: 2F 1-2: Fly out, F8 (Flyball, 8LM, EV 85.6 MPH)
|
| Bottom of the 1st over - 0 runs, 1 hit, 0 errors, 1 left on base; Arkansas 1 - Jackson 0 |
| TOP OF THE 2ND |
|
Arkansas Travelers batting - Pitching for Jackson Generals : LHP Andy Mathis
|
|
Batting: LHB Justin Balthazor
|
0-0: Ball 1-0: Ground out 4-3 (Groundball, 4, EV 92.5 MPH)
|
|
Batting: RHB Danny Bjarnson
|
0-0: Ground out 6-3 (Groundball, 6, EV 85.6 MPH)
|
|
Batting: LHB Barrfhionn O'Toole
|
0-0: Foul Ball, location: 2F 0-1: Ball 1-1: Ball 2-1: SINGLE (Groundball, 34D, EV 96.9 MPH)
|
|
Batting: RHB Kinya Nishimura
|
0-0: Foul Ball, location: 2F 0-1: Ball 1-1: Ball 2-1: Ball Wild Pitch! Barrfhionn O'Toole to second 3-1: Ground out 1-3 (Groundball, 15S, EV 70.0 MPH)
|
| Top of the 2nd over - 0 runs, 1 hit, 0 errors, 1 left on base; Arkansas 1 - Jackson 0 |
| BOTTOM OF THE 2ND |
|
Jackson Generals batting - Pitching for Arkansas Travelers : RHP Hector Carrizales
|
|
Batting: RHB Kagetoki Kawai
|
0-0: Ball 1-0: Ground out 6-3 (Groundball, 6, EV 83.1 MPH)
|
|
Batting: RHB Julian Gregory
|
0-0: Ball 1-0: Ball 2-0: Fly out, F8 (Flyball, 8RD, EV 85.0 MPH)
|
|
Batting: LHB Brent Dutcher
|
0-0: Ball 1-0: Ball 2-0: Ball 3-0: Called Strike 3-1: Base on Balls
|
|
Batting: RHB Victor Rosas
|
0-0: Ball Brent Dutcher steals 2nd base 1-0: Foul Ball, location: 2F 1-1: Ball 2-1: Ground out 4-3 (Groundball, 4, EV 83.8 MPH)
|
| Bottom of the 2nd over - 0 runs, 0 hits, 0 errors, 1 left on base; Arkansas 1 - Jackson 0 |
| TOP OF THE 3RD |
|
Arkansas Travelers batting - Pitching for Jackson Generals : LHP Andy Mathis
|
|
Batting: RHB Jose Ramirez
|
0-0: Ball 1-0: Called Strike 1-1: Ball 2-1: Swinging Strike 2-2: Strikes out swinging
|
|
Batting: LHB Griffin Ferris
|
0-0: Swinging Strike 0-1: Foul Ball, location: 2F 0-2: Strikes out looking
|
|
Batting: RHB Juan Montez
|
0-0: Fly out, F6 (Line Drive, 6, EV 68.1 MPH)
|
| Top of the 3rd over - 0 runs, 0 hits, 0 errors, 0 left on base; Arkansas 1 - Jackson 0 |
| BOTTOM OF THE 3RD |
|
Jackson Generals batting - Pitching for Arkansas Travelers : RHP Hector Carrizales
|
|
Batting: RHB Egidius Kruger
|
0-0: Called Strike 0-1: Ground out 3-1 (Groundball, 13, EV 91.2 MPH)
|
|
Batting: RHB Tomokazu Sugimoto
|
0-0: Ground out 6-3 (Groundball, 6, EV 83.1 MPH)
|
|
Batting: RHB Enrique Valdez
|
0-0: Ground out 3-1 (Groundball, 34, EV 91.2 MPH)
|
| Bottom of the 3rd over - 0 runs, 0 hits, 0 errors, 0 left on base; Arkansas 1 - Jackson 0 |
| TOP OF THE 4TH |
|
Arkansas Travelers batting - Pitching for Jackson Generals : LHP Andy Mathis
|
|
Batting: LHB Mark Reeg
|
0-0: Called Strike 0-1: Foul Ball, location: 2F 0-2: Ball 1-2: Ball 2-2: Ground out 5-3 (Groundball, 56, EV 96.2 MPH)
|
|
Batting: RHB Ryuji Ito
|
0-0: Ball 1-0: SINGLE (Line Drive, 78S, EV 93.8 MPH)
|
|
Batting: LHB Justin Balthazor
|
0-0: SINGLE (Line Drive, 7S, EV 111.2 MPH) Ryuji Ito to second
|
|
Batting: RHB Danny Bjarnson
|
0-0: Ball 1-0: Called Strike Ryuji Ito steals 3rd base 1-1: Ball 2-1: Foul Ball, location: 2F 2-2: Ball Passed Ball! Ryuji Ito scores Justin Balthazor to second 3-2: Fly out, F7 (Flyball, 78S, EV 88.8 MPH)
|
|
Batting: LHB Barrfhionn O'Toole
|
0-0: Ball 1-0: Ball 2-0: Called Strike 2-1: Foul Ball, location: 2F 2-2: Foul Ball, location: 2F 2-2: Ball 3-2: Foul Ball, location: 2F 3-2: Ground out 1-3 (Groundball, 13S, EV 65.6 MPH)
|
| Top of the 4th over - 1 run, 2 hits, 0 errors, 1 left on base; Arkansas 2 - Jackson 0 |
| BOTTOM OF THE 4TH |
|
Jackson Generals batting - Pitching for Arkansas Travelers : RHP Hector Carrizales
|
|
Batting: RHB Adan Lake
|
0-0: Foul Ball, location: 2F 0-1: Swinging Strike 0-2: Foul Ball, location: 2F 0-2: Foul Ball, location: 2F 0-2: Ball 1-2: Ground out 6-3 (Groundball, 6, EV 80.6 MPH)
|
|
Batting: RHB Mike Conaway
|
0-0: Ball 1-0: Swinging Strike 1-1: Foul Ball, location: 2F 1-2: Ball 2-2: Ball 3-2: Ground out U3 (Groundball, 3, EV 91.9 MPH)
|
|
Batting: RHB Kagetoki Kawai
|
0-0: Called Strike 0-1: Ball 1-1: Foul Ball, location: 2F 1-2: Ball 2-2: Fly out, F7 (Line Drive, 7, EV 103.1 MPH)
|
| Bottom of the 4th over - 0 runs, 0 hits, 0 errors, 0 left on base; Arkansas 2 - Jackson 0 |
| TOP OF THE 5TH |
|
Arkansas Travelers batting - Pitching for Jackson Generals : LHP Andy Mathis
|
|
Batting: RHB Kinya Nishimura
|
0-0: SINGLE (Groundball, 5D, EV 111.9 MPH)
|
|
Batting: RHB Jose Ramirez
|
0-0: Called Strike 0-1: Fly out, F8 (Flyball, 8RM, EV 79.4 MPH)
|
|
Batting: LHB Griffin Ferris
|
0-0: Ball 1-0: Ball 2-0: Swinging Strike 2-1: Called Strike 2-2: Strikes out looking
|
|
Batting: RHB Juan Montez
|
0-0: Ball 1-0: Fly out, F8 (Flyball, 8RXD, EV 89.4 MPH)
|
| Top of the 5th over - 0 runs, 1 hit, 0 errors, 1 left on base; Arkansas 2 - Jackson 0 |
| BOTTOM OF THE 5TH |
|
Jackson Generals batting - Pitching for Arkansas Travelers : RHP Hector Carrizales
|
|
Batting: RHB Julian Gregory
|
0-0: Swinging Strike 0-1: Called Strike 0-2: Foul Ball, location: 2F 0-2: Ball 1-2: Ball 2-2: Strikes out looking
|
|
Batting: LHB Brent Dutcher
|
0-0: Ball 1-0: Called Strike 1-1: Ball 2-1: Foul Ball, location: 2F 2-2: Foul Ball, location: 2F 2-2: Strikes out swinging
|
|
Batting: RHB Victor Rosas
|
0-0: Ball 1-0: Ground out 6-3 (Groundball, 6, EV 85.6 MPH)
|
| Bottom of the 5th over - 0 runs, 0 hits, 0 errors, 0 left on base; Arkansas 2 - Jackson 0 |
| TOP OF THE 6TH |
|
Arkansas Travelers batting - Pitching for Jackson Generals : LHP Andy Mathis
|
|
Batting: LHB Mark Reeg
|
0-0: Ball 1-0: Fly out, F9 (Flyball, 9LS, EV 76.2 MPH)
|
|
Batting: RHB Ryuji Ito
|
0-0: Foul Ball, location: 2F 0-1: Foul Ball, location: 2F 0-2: Ball 1-2: Ball 2-2: Ball 3-2: Foul Ball, location: 2F 3-2: Base on Balls
|
|
Pitching: RHP Kieran Easton
|
|
|
Batting: LHB Justin Balthazor
|
0-0: Ball 1-0: Fielders Choice at 2nd, 6-4 (Groundball, 6M, EV 88.1 MPH)
|
|
Batting: RHB Danny Bjarnson
|
0-0: Ball 1-0: Foul Ball, location: 2F 1-1: Foul Ball, location: 2F 1-2: Foul Ball, location: 2F 1-2: Strikes out swinging, 2-3 out at first.
|
| Top of the 6th over - 0 runs, 0 hits, 0 errors, 1 left on base; Arkansas 2 - Jackson 0 |
| BOTTOM OF THE 6TH |
|
Jackson Generals batting - Pitching for Arkansas Travelers : RHP Hector Carrizales
|
|
Batting: RHB Egidius Kruger
|
0-0: SINGLE (Groundball, 56S, EV 70.6 MPH) (infield hit)
|
|
Batting: RHB Tomokazu Sugimoto
|
0-0: Ball 1-0: Foul Ball, location: 2F 1-1: Fly out, F8 (Flyball, 8LD, EV 85.6 MPH) Runner from 1st tags up, SAFE at 2nd
|
|
Batting: RHB Enrique Valdez
|
0-0: Called Strike 0-1: Ball 1-1: Ball 2-1: Ball 3-1: Foul Ball, location: 2F 3-2: Strikes out swinging
|
|
Batting: RHB Adan Lake
|
0-0: Ball 1-0: Ball 2-0: Called Strike 2-1: Ball 3-1: DOUBLE (Flyball, 78D, EV 106.2 MPH) Egidius Kruger scores
|
|
Pitching: RHP Jake Bruen
|
|
|
Batting: RHB Mike Conaway
|
0-0: Ground out 5-3 (Groundball, 5S, EV 76.9 MPH)
|
| Bottom of the 6th over - 1 run, 2 hits, 0 errors, 1 left on base; Arkansas 2 - Jackson 1 |
| TOP OF THE 7TH |
|
Arkansas Travelers batting - Pitching for Jackson Generals : RHP Kieran Easton
|
|
Batting: LHB Barrfhionn O'Toole
|
0-0: Called Strike 0-1: Swinging Strike 0-2: Fly out, F9 (Flyball, 9, EV 85.6 MPH)
|
|
Batting: RHB Kinya Nishimura
|
0-0: Ball 1-0: SINGLE (Line Drive, 78S, EV 92.5 MPH)
|
|
Batting: RHB Jose Ramirez
|
0-0: Swinging Strike 0-1: Foul Ball, location: 2F 0-2: Strikes out swinging
|
|
Batting: LHB Griffin Ferris
|
0-0: Ball 1-0: Foul Ball, location: 2F 1-1: Ball 2-1: Ball 3-1: Fly out, F9 (Flyball, 9S, EV 90.0 MPH)
|
| Top of the 7th over - 0 runs, 1 hit, 0 errors, 1 left on base; Arkansas 2 - Jackson 1 |
| BOTTOM OF THE 7TH |
|
Jackson Generals batting - Pitching for Arkansas Travelers : RHP Jake Bruen
|
|
Batting: RHB Kagetoki Kawai
|
0-0: Foul Ball, location: 2F 0-1: Foul Ball, location: 2F 0-2: Strikes out looking
|
|
Batting: RHB Julian Gregory
|
0-0: Foul Ball, location: 2F 0-1: Called Strike 0-2: Strikes out swinging
|
|
Batting: LHB Brent Dutcher
|
0-0: Foul Ball, location: 2F 0-1: Ball 1-1: Called Strike 1-2: Ball 2-2: Strikes out looking
|
| Bottom of the 7th over - 0 runs, 0 hits, 0 errors, 0 left on base; Arkansas 2 - Jackson 1 |
| TOP OF THE 8TH |
|
Arkansas Travelers batting - Pitching for Jackson Generals : RHP Kieran Easton
|
|
Batting: RHB Juan Montez
|
0-0: Ground out 4-3 (Groundball, 4S, EV 81.9 MPH)
|
|
Pitching: LHP Chan-u Lee
|
|
|
Batting: LHB Mark Reeg
|
0-0: Ground out 6-3 (Groundball, 4D, EV 86.9 MPH)
|
|
Batting: RHB Ryuji Ito
|
0-0: Ground out 6-3 (Groundball, 6, EV 102.5 MPH)
|
| Top of the 8th over - 0 runs, 0 hits, 0 errors, 0 left on base; Arkansas 2 - Jackson 1 |
| BOTTOM OF THE 8TH |
|
Jackson Generals batting - Pitching for Arkansas Travelers : RHP Jake Bruen
|
|
Batting: RHB Victor Rosas
|
0-0: SINGLE (Groundball, 5S, EV 73.8 MPH) (infield hit)
|
|
Batting: RHB Egidius Kruger
|
0-0: Ground out 5-3 (Groundball, 6S, EV 71.9 MPH) Victor Rosas to second
|
|
Batting: RHB Tomokazu Sugimoto
|
0-0: Foul Ball, location: 2F 0-1: Foul Ball, location: 2F 0-2: SINGLE (Groundball, 56, EV 105.0 MPH) (infield hit) Victor Rosas to third
|
|
Batting: RHB Enrique Valdez
|
0-0: Ball 1-0: Ball 2-0: Called Strike 2-1: Ball 3-1: Called Strike 3-2: Strikes out swinging
|
|
Batting: RHB Adan Lake
|
0-0: Fly out, F3 (Line Drive, 3L, EV 71.9 MPH)
|
| Bottom of the 8th over - 0 runs, 2 hits, 0 errors, 2 left on base; Arkansas 2 - Jackson 1 |
| TOP OF THE 9TH |
|
Arkansas Travelers batting - Pitching for Jackson Generals : LHP Chan-u Lee
|
|
Batting: LHB Justin Balthazor
|
0-0: Called Strike 0-1: Swinging Strike 0-2: Foul Ball, location: 2F 0-2: Fly out, F9 (Flyball, 89S, EV 89.4 MPH)
|
|
Batting: RHB Danny Bjarnson
|
0-0: Ball 1-0: Swinging Strike 1-1: Foul Ball, location: 2F 1-2: Ball 2-2: Ball 3-2: Ground out 4-3 (Groundball, 4, EV 83.1 MPH)
|
|
Batting: LHB Barrfhionn O'Toole
|
0-0: Ball 1-0: Ball 2-0: Ball 3-0: Called Strike 3-1: SINGLE (Groundball, 6S, EV 76.2 MPH) (infield hit)
|
|
Batting: RHB Kinya Nishimura
|
0-0: Ball 1-0: Ball 2-0: Fly out, F8 (Flyball, 8LD, EV 101.2 MPH)
|
| Top of the 9th over - 0 runs, 1 hit, 0 errors, 1 left on base; Arkansas 2 - Jackson 1 |
| BOTTOM OF THE 9TH |
|
Jackson Generals batting - Pitching for Arkansas Travelers : RHP Jake Bruen
|
|
Pitching: LHP Bryan Payne
|
|
|
Batting: RHB Mike Conaway
|
0-0: Ball 1-0: Called Strike 1-1: Ball 2-1: Swinging Strike 2-2: Strikes out swinging
|
|
Batting: RHB Kagetoki Kawai
|
0-0: Called Strike 0-1: Ball 1-1: Ground out 6-3 (Groundball, 6S, EV 65.6 MPH)
|
|
Batting: RHB Julian Gregory
|
0-0: Foul Ball, location: 2F 0-1: Swinging Strike 0-2: Ball 1-2: Ball 2-2: Ball 3-2: Base on Balls
|
|
Pinch Hitting: RHB Ching-hsia Zhang
|
0-0: Called Strike 0-1: SINGLE (Line Drive, 8LS, EV 100.6 MPH) Julian Gregory to second
|
|
Batting: RHB Victor Rosas
|
0-0: Ball 1-0: Ground out 3-1 (Groundball, 34, EV 85.6 MPH)
|
| Bottom of the 9th over - 0 runs, 1 hit, 0 errors, 2 left on base; Arkansas 2 - Jackson 1 |
|